← All builds
Geo / Armada / Economy first / OBSERVED BUILD

Standard geo

Armada Geo build order · Supreme Isthmus

Economy-first Geo that rushes geothermal power and T2 constructor, then builds T2 units (mostly Starlight) to send to front while also supplying constructors and rez bots to allies.

Usually blows up the commander for T2 (67%)

#eco #t2 #team support · 838 distinct matches · 118 players · 57% of Armada Geo games · team won 54% of 945 · Recently observed

HOW TO PLAY IT

Key timing: Geothermal Powerplant by 3:26

  1. Open mex and wind, start bot lab immediately.
  2. Finish bot lab and begin feeding army and cons.
  3. Finish geothermal plant to fund the T2 push.
  4. Push T2 constructor, then advanced geothermal by 7:15.
  5. Bring first Starlight to front, switch into T2 con supply for allies.

Phase by phase

TYPICAL OF ITS 838 GAMES
  1. 1
  2. 2
  3. 3
  4. 4
PLAY THE OPENING

Follow the example game's first 6:00 step by step: what to build now, what comes next, and where it goes. At 1× it keeps pace with your own game.

  1. 1

    Up to the Bot Lab

    Economy
    • Metal Extractor2Mex
    • Wind Turbine4Wind
    Order
    1. Bot LabBot Lab after 2 mex, 4 winddone ~1:09, middle half 0:58–1:21

    By 0:52 in all: 2 mex · 4 wind

    The example game in this phase · 4 steps
    1. Mex ×2
    2. Solar
    3. Wind
    4. Bot LabBot Labdone 0:48 · typical 1:09
  2. 2

    Bot Lab to 5:00

    Economy
    • Metal Extractor2Mex
    • Wind Turbine3Wind
    • Energy Converter8Converter
    • Energy Storage1Energy storage
    Order
    1. Geothermal PowerplantGeo after 4 mex, 5 wind, 1 energy storage
    2. Bot LabEat Bot Lab
    Builders
    • Construction Turret5 Con turret
    • Lazarus4 Lazarus
    • Construction Bot2 Con bot
    • Construction Bot1 Con bot for allies
    • Lazarus1 Lazarus for allies

    By 5:00 in all: 4 mex · 7 wind · 1 geo · 8 converter · 1 energy storage · 5 con turret

    The example game in this phase · 32 steps
    1. Wind
    2. Construction BotCon bot ×2
    3. Mex ×2
    4. Wind ×3
    5. LazarusLazarus
    6. Wind ×2
    7. Construction BotCon botfor Beach sea
    8. Wind
    9. LazarusLazarusfor Beach sea
    10. Wind
    11. LazarusLazarus
    12. Geothermal PowerplantGeodone 3:14 · typical 3:27
    13. LazarusLazarus
    14. Con turret
    15. Bot LabEat Bot Labreclaimed for its metal
    16. Converter ×2
    17. Con turret ×3
    18. Converter
    19. Con turret
    20. Wind
    21. Converter
    22. Wind
    23. Energy storage
    24. Wind ×2
    25. Converter
    26. Con turret
    27. Wind ×6
    28. Converter
    29. Wind
    30. Advanced Metal ExtractorT2 mexdone 5:21 · typical 5:35
    31. Wind
    32. Converter
  3. 3

    5:00 to Vehicle Plant

    Order
    1. Advanced Geothermal PowerplantAdvanced Geothermal Powerplant after 8 wind, 10 converter, 6 con turretin 59% of games
    2. Vehicle PlantVehicle Plant after 10 wind, 10 converter, 6 con turretdone ~7:07, middle half 6:41–7:34
    Builders
    • Construction Turret1 Con turret

    Some games also: converter (50%) · wind (47%)

    By 6:59 in all: 4 mex · 10 wind · 1 geo · 1 Advanced Geothermal Powerplant · 10 converter · 1 energy storage

    The example game in this phase · 22 steps
    1. Advanced Metal ExtractorT2 mex
    2. Wind
    3. Bot LabBot Labfor Suicide frontdone 5:24
    4. Converter
    5. Wind
    6. Advanced Metal ExtractorT2 mex
    7. Wind
    8. Converter ×2
    9. Advanced Metal ExtractorT2 mex
    10. Wind
    11. Converter
    12. Advanced Geothermal PowerplantAdvanced Geothermal Powerplantdone 6:55 · typical 7:09
    13. SentrySentry
    14. Converter
    15. Wind
    16. CenturionCenturion ×2
    17. Converter
    18. Advanced Metal ExtractorT2 mex
    19. Converter
    20. Wind ×2
    21. BlitzBlitz
    22. Vehicle PlantVehicle Plantnot finished by 15:00 · typical 7:07
  4. 4

    Vehicle Plant to 10:00

    Economy
    • Wind Turbine6Wind
    • Energy Converter4Converter
    Order
    1. Advanced Vehicle PlantAdvanced Vehicle Plant after 11 wind, 12 converter, 7 con turret
    2. Vehicle PlantEat Vehicle Plant
    Builders
    • Construction Vehicle1 Con vehicle
    • Advanced Construction Vehicle1 T2 con vehicle for allies
    Army
    • Starlight2 Starlight
    • Umbra1 Jammer
    • Prophet1 Radar vehicle

    Some games also: con turret (50%) · Jaguar (32%) · Radar Tower (30%)

    By 10:00 in all: 4 mex · 21 wind · 1 geo · 1 Advanced Geothermal Powerplant · 16 converter · 1 energy storage

    The example game in this phase · 158 steps
    1. CenturionCenturion
    2. Wind
    3. SentrySentry
    4. Wind
    5. Vehicle PlantVehicle Plantdone 7:03
    6. Wind
    7. Construction VehicleCon vehicle
    8. Converter
    9. Wind ×4
    10. Converter
    11. Advanced Vehicle PlantAdvanced Vehicle Plantdone 8:01 · typical 8:04
    12. Wind
    13. Converter
    14. Wind ×2
    15. Vehicle PlantEat Vehicle Plantreclaimed for its metal
    16. Wind
    17. StarlightStarlightdone 8:20 · typical 9:03
    18. Converter
    19. Wind
    20. StarlightStarlight
    21. Converter
    22. Wind
    23. Advanced Construction VehicleT2 con vehiclefor Front
    24. Wind ×3
    25. Converter
    26. StarlightStarlight
    27. Wind
    28. Converter
    29. Con turret
    30. Wind ×2
    31. Advanced Construction VehicleT2 con vehicle
    32. Wind
    33. JaguarJaguar ×2
    34. Wind
    35. Advanced Construction VehicleT2 con vehicle
    36. Radar TowerRadar Tower
    37. Con turret
    38. AmbassadorAmbassadordone 9:59
    39. SentrySentry
    40. Wind ×4
    41. AmbassadorAmbassador
    42. Wind
    43. SentrySentry
    44. Wind
    45. UmbraJammer
    46. SentrySentry
    47. Wind
    48. ProphetRadar vehicle
    49. Wind
    50. ShredderShredderdone 10:36
    51. Wind
    52. SentrySentry
    53. ShredderShredder
    54. Wind
    55. SentrySentry
    56. Wind
    57. ShredderShredder
    58. Wind
    59. Con turret
    60. Wind
    61. ShredderShredder
    62. Wind
    63. JaguarJaguar
    64. StarlightStarlight
    65. Wind
    66. Bot LabBot Labdone 11:34
    67. Wind
    68. TickTick ×3
    69. Wind
    70. StarlightStarlight
    71. TickTick ×2
    72. Wind
    73. Con turret
    74. TickTick ×5
    75. Wind
    76. StarlightStarlight
    77. TickTick ×2
    78. Wind
    79. TickTick ×2
    80. Converter
    81. TickTick ×2
    82. Converter
    83. TickTick
    84. Wind
    85. TickTick
    86. JaguarJaguar
    87. Wind
    88. TickTick
    89. Converter
    90. JaguarJaguar
    91. TickTick ×2
    92. Wind
    93. JaguarJaguar
    94. TickTick
    95. Converter
    96. TickTick
    97. JaguarJaguar
    98. TickTick
    99. RocketeerRocketeer
    100. Wind
    101. TickTick
    102. RocketeerRocketeer
    103. JaguarJaguar
    104. TickTick
    105. Converter
    106. TickTick
    107. Wind
    108. JaguarJaguar
    109. TickTick
    110. RocketeerRocketeer
    111. TickTick
    112. Converter
    113. JaguarJaguar
    114. TickTick
    115. Wind
    116. TickTick
    117. JaguarJaguar
    118. Converter
    119. TickTick
    120. Wind
    121. TickTick
    122. JaguarJaguar
    123. TickTick
    124. Converter
    125. TickTick
    126. Wind
    127. JaguarJaguar
    128. TickTick
    129. Converter
    130. TickTick
    131. JaguarJaguar
    132. TickTick
    133. Con turret
    134. TickTick
    135. Converter
    136. TickTick
    137. JaguarJaguar
    138. TickTick
    139. Converter
    140. TickTick
    141. JaguarJaguar
    142. TickTick ×2
    143. ShredderShredder
    144. Converter
    145. TickTick ×3
    146. Converter
    147. ShredderShredder
    148. TickTick
    149. Wind
    150. TickTick ×2
    151. ShredderShredder
    152. Converter
    153. Wind
    154. TickTick ×3
    155. JaguarJaguar
    156. Wind
    157. TickTick
    158. Converter

Counts are medians over the build's games: half of them build more, half fewer. The example game is Cokeado's (36 OS, 08/10/2026); pick another.

Team trades

IN AT LEAST 30% OF ITS GAMES

You hand over

  • Lazarus1 Lazarus to Beach seafirst at 2:16 · in 78% of games
  • Construction Bot1 Con bot to Beach seafirst at 2:28 · in 88% of games
  • Advanced Construction Vehicle1 T2 con vehicle to Suicide front or Frontfirst at 8:47 · in 64% of games

You get

  • Hercules1 Light transport from Airfirst at 4:20 · in 32% of games
  • Advanced Construction Bot1 T2 con bot from Techfirst at 4:50 · in 94% of games

How it plays out

Typical game of this build, running totals by minute

Metal produced

020k40k
0:005:0010:0015:00

metal

Enemy metal destroyed

05k10k15k
0:005:0010:0015:00

metal

Own metal lost

02k4k6k
0:005:0010:0015:00

metal

945 games.

Show as table
ByMetal produced: This buildEnemy metal destroyed: This buildOwn metal lost: This build
1:0033300
2:0082500
3:00153100
4:00269500
5:00372000
6:00565800
7:00808700
8:0011497042
9:001453254130
10:0017431537260
11:00203831950660
12:002324939121810
13:002606559863205
14:002900183914570
15:0031772105055979
WHAT THE NUMBERS SAY

Standard Geo play, the only build here with a team win rate matching Front at 54%, and by far the heaviest metal producer at 17416 by 10:00.

  • + Metal produced hits 17416 by 10:00, well above every other role at that point.
  • + Starlight makes up 33% of the army composition, a strong T2 presence.
  • − Own metal lost jumps to 6061 by 15:00 after staying at 0 through 10:00, a late spike.
THE EXAMPLE YOU ARE READING

Cokeado

35.6 OS · 08/10/2026

Open source match ↗

1 received units · includes a constructor
631 metal received · 50181 energy received

Allied construction assistance is unknown. Timings are observations, not a promise of solo reproducibility.

Typical milestones

Bot Lab1:09Middle 50%: 0:58–1:21 · n=944
Geothermal Powerplant3:27Middle 50%: 3:11–3:44 · n=942
Advanced Metal Extractor5:35Middle 50%: 5:19–5:58 · n=939
Vehicle Plant7:07Middle 50%: 6:41–7:34 · n=907
Advanced Geothermal Powerplant7:09Middle 50%: 6:50–7:38 · n=676
Advanced Vehicle Plant8:04Middle 50%: 7:40–8:39 · n=867
Starlight9:03Middle 50%: 8:32–9:47 · n=765

Played most by

0neTw0108games of this buildzeus_on_god108games of this buildXad54games of this buildViltrum49games of this buildDamsko43games of this build